 Dungeon Crawl Stone Soup version 0.20-a0-700-gbd4582c (webtiles) character file.

10627 nono the Nimble (level 11, -8/69 HPs)
             Began as a Kobold Assassin on Feb 21, 2017.
             Was a Priest of Ieoh Jian.
             Mangled by Gastronok (29 damage)
             ... on level 1 of the Lair of Beasts.
             The game lasted 00:47:18 (12788 turns).

nono the Nimble (Kobold Assassin)                  Turns: 12788, Time: 00:47:18

Health: -8/69      AC:  5    Str: 12    XL:     11   Next: 96%
Magic:  12/12      EV: 21    Int: 14    God:    Ieoh Jian [***...]
Gold:   577        SH: 11    Dex: 15    Spells: 10/10 levels left

rFire    + . .     SeeInvis .   W - +1 whip (elec)
rCold    . . .     Gourm    .   H - +1 robe {rF+}
rNeg     . . .     Faith    .   n - +0 shield
rPois    +         Spirit   .   (helmet restricted)
rElec    .         Reflect  .   d - +1 cloak
rCorr    .         Harm     .   (no gloves)
MR       .....     Rnd*Tele +   (no boots)
Stlth    +++.......             T - amulet of regeneration
Regen    0.7/turn               a - ring of teleportation
MPRegen  0.2/turn               s - +4 ring of intelligence

@: slowed, serpent's lash, very slow
A: antennae 1, carnivore 3, clumsy 1, dopey 1, high mp 1, sense surroundings 1,
poison resistance, no potion heal 1
a: Renounce Religion


You were on level 1 of the Lair of Beasts.
You worshipped Ieoh Jian.
Ieoh Jian was most pleased with you.
You were not hungry.

You visited 3 branches of the dungeon, and saw 13 of its levels.
You also visited: Sewer.

You collected 577 gold pieces.

Inventory:

Hand Weapons
 b - a +0 blowgun
 h - a +0 hand axe of electrocution
 B - the +1 dagger of Judgement {flame, rElec rN+}
   (You found it on level 5 of the Dungeon)

   It has been specially enchanted to burn those struck by it, causing extra
   injury to most foes and up to half again as much damage against particularly
   susceptible opponents.
   It insulates you from electricity.
   It protects you from negative energy.
 L - the +7 war axe of Mandamus {elec, *Noise rC+++ Int+5}
   (You found it on level 7 of the Dungeon)

   Occasionally, upon striking a foe, it will discharge some electrical energy
   and cause terrible harm.
   It affects your intelligence (+5).
   It renders you almost immune to cold.
   It may make noises in combat.
 M - a +0 dagger of venom
 W - a +1 whip of electrocution (weapon)
 X - the +6 scimitar of Mandamus {drain, Str+4}
   (You found it on level 11 of the Dungeon)

   A truly terrible weapon, it drains the life of those it strikes.
   It affects your strength (+4).
Missiles
 e - 13 poisoned needles
 F - 2 needles of paralysis
 J - a throwing net (quivered)
 N - a curare-tipped needle
Armour
 d - a +1 cloak (worn)
 n - a +0 shield (worn)
 H - a +1 robe of fire resistance (worn)
 U - a +2 chain mail of poison resistance
Jewellery
 a - a ring of teleportation (right hand)
 s - a +4 ring of intelligence (left hand)
 T - an amulet of regeneration (around neck)
Wands
 C - a wand of random effects (28/48)
 Y - a wand of random effects (24/48)
 Z - a wand of iceblast (5/15)
Scrolls
 i - 3 scrolls of blinking
 l - 5 scrolls of teleportation
 p - a scroll of brand weapon
 q - 3 scrolls of enchant weapon
 u - 5 scrolls of enchant armour
 y - 2 scrolls of immolation
 A - 4 scrolls of remove curse
 G - a scroll of identify
 K - a scroll of vulnerability
 O - a scroll of fog
 Q - a scroll of fear
 S - 3 scrolls of recharging
Potions
 j - a potion of heal wounds
 k - 3 potions of curing
 m - a potion of might
 r - 3 potions of brilliance
 v - a potion of berserk rage
 z - a potion of magic
 D - 2 potions of lignification
 I - 10 potions of flight
 P - 2 potions of resistance
 R - 3 potions of haste
 V - a potion of invisibility
Comestibles
 g - 8 meat rations
 o - 18 royal jellies


   Skills:
 - Level 8.9 Fighting
 - Level 3.3 Short Blades
 - Level 4.3(5.7) Axes
 - Level 6.2(7.0) Maces & Flails
 - Level 4.1 Throwing
 + Level 0.0 Armour
 - Level 11.3 Dodging
 - Level 5.3 Stealth
 - Level 7.6 Shields


You had 10 spell levels left.
You didn't know any spells.

Dungeon Overview and Level Annotations

Branches:
Dungeon (11/15)            Temple (1/1) D:4            Lair (1/6) D:11
    Orc (0/2) D:10

Altars:
Ashenzari
Cheibriados
Dithmenos
Elyvilon
Fedhas
Gozag
Hepliaklqana Ieoh Jian
Kikubaaqudgha
Makhleb
Nemelex Xobeh
Okawaru
Qazlal
Ru
Sif Muna
Trog
Uskayaw
Vehumet
Xom
Yredelemnul
Zin
The Shining One

Shops:
D:4 ?

Annotations:
Lair:1 Gastronok


Innate Abilities, Weirdness & Mutations

You are small and have problems with some larger weapons.
You are carnivorous and can eat meat at any time.
You have a pair of small antennae on your head.
You are clumsy. (Dex -2)
You are dopey. (Int -2)
You have an increased reservoir of magic. (+10% MP)
You passively map a small area around you.
Your system is resistant to poisons. (rPois)
Potions are less effective at restoring your health.


Message History

Gastronok is severely wounded.
You spin and attack Gastronok.
You hit Gastronok.
Gastronok is almost dead.
You block Gastronok's attack.
You spin and attack Gastronok.
You hit Gastronok.
Gastronok is almost dead.
Gastronok waves his eye-stalks in wide circles.
The air twists around and strikes you!
* * * LOW HITPOINT WARNING * * *
Okay, then.
Evoke which item? (* to show all) (? for menu, Esc to quit)
Okay, then.
Your muscles tense, ready for explosive movement...
You can no longer move short distances at supernatural speeds.
You hit Gastronok.
Gastronok is almost dead.
You hit Gastronok.
Gastronok is almost dead.
Gastronok bites you!!
You die...

,
[...........####.#.#...###
..........................
..........................
,
..........................
,
.........................
,
.####......####P..#.......
...........#.............#
,
......>..w.#......#......#
.....#...@.#......#......#
,
...........#.............#
.....#.....+......#......#
.....#.....#......#......#
.... #.....#......#......#
, +##
#......####.#.......# , ,
,,....................#
.....................#
..................#


You could see Gastronok.

Vanquished Creatures
  3 two-headed ogres
  A centaur zombie (D:11)
  A troll (D:11)
  3 blink frogs (Lair:1)
  A hippogriff (D:10)
  A wyvern (Lair:1)
  A wraith (D:11)
  2 hungry ghosts (D:8)
  A water moccasin (D:8)
  A swamp drake (D:10)
  4 sky beasts
  6 orc warriors
  An ice beast (D:10)
  2 phantoms (D:8)
  A black bear (D:11)
  A necrophage (D:7)
  A hornet zombie (D:11)
  3 centaurs
  4 ogres
  3 big kobolds
  10 bullfrogs
  A crocodile (D:11)
  Blork the orc (D:8)
  A wyvern skeleton (D:11)
  2 scorpions
  10 wights
  13 killer bees
  6 howler monkeys
  2 crimson imps (D:5)
  3 centaur skeletons
  8 hounds
  8 jellies
  10 orc priests
  5 iguanas
  6 orc wizards
  7 worker ants
  A merfolk siren (Sewer)
  A merfolk avatar (Sewer)
  2 hound skeletons
  2 worker ant zombies
  8 gnolls
  27 adders
  3 river rats (Sewer)
  2 shadow imps
  7 oozes
  An adder zombie (D:7)
  An adder skeleton (D:9)
  2 worms
  4 dart slugs
  7 leopard geckos
  46 orcs
  7 giant cockroaches
  5 goblins
  3 hobgoblins
  4 jackals (D:1)
  19 kobolds
  2 quokkas
  10 ball pythons
  6 bats
  2 frilled lizards
  A leopard gecko skeleton (D:9)
  34 rats
341 creatures vanquished.

Notes
Turn   | Place    | Note
-------+----------+-------------------------------------------
     0 | D:1      | nono the Kobold Assassin began the quest for the Orb.
     0 | D:1      | Reached XP level 1. HP: 12/12 MP: 1/1
    52 | D:1      | Reached skill level 2 in Dodging
    52 | D:1      | Reached XP level 2. HP: 8/17 MP: 2/2
   614 | D:1      | Reached XP level 3. HP: 20/21 MP: 3/3
   903 | D:1      | Reached skill level 3 in Dodging
  1120 | D:2      | Reached XP level 4. HP: 24/26 MP: 4/4
  1122 | D:2      | Found a glowing silver altar of Zin.
  1187 | D:2      | Noticed a moth of wrath
  1190 | D:2      | Found a bloodstained altar of Trog.
  1216 | D:2      | Reached skill level 4 in Dodging
  1710 | D:3      | Reached XP level 5. HP: 27/30 MP: 5/5
  1728 | D:3      | Reached skill level 5 in Dodging
  2198 | D:3      | Reached skill level 6 in Dodging
  2516 | D:4      | Reached XP level 6. HP: 32/35 MP: 6/6
  2612 | D:4      | Noticed a two-headed ogre
  2632 | D:4      | Killed a two-headed ogre
  2632 | D:4      | Reached skill level 10 in Dodging
  2632 | D:4      | Reached XP level 7. HP: 40/40 MP: 7/7
  2632 | D:4      | Reached XP level 8. HP: 44/44 MP: 8/8
  2706 | D:4      | Found a staircase to the Ecumenical Temple.
  2712 | Temple   | Entered the Ecumenical Temple
  3203 | D:4      | Reached skill level 11 in Dodging
  3676 | D:4      | Found Qophazib's Magic Scroll Shoppe.
  3921 | D:5      | Entered Level 5 of the Dungeon
  3968 | D:5      | Got a slimy dagger
  3969 | D:5      | Identified the cursed +1 dagger of Judgement {flame, rElec rN+} (You found it on level 5 of the Dungeon)
  4237 | D:5      | Found a snail-covered altar of Cheibriados.
  4420 | D:5      | Reached XP level 9. HP: 24/52 MP: 9/9
  4608 | D:5      | Reached skill level 5 in Fighting
  5785 | D:6      | Found a glowing drain.
  5791 | Sewer    | Entered a sewer
  6850 | D:7      | Found a white marble altar of Elyvilon.
  6850 | D:7      | Found a sparkling altar of Nemelex Xobeh.
  6851 | D:7      | Found a shadowy altar of Dithmenos.
  6857 | D:7      | Got a jewelled war axe
  6859 | D:7      | Identified the +7 war axe of Mandamus {elec, *Noise rC+++ Int+5} (You found it on level 7 of the Dungeon)
  6900 | D:7      | Found a sacrificial altar of Ru.
  6901 | D:7      | Found an ornate altar of the Ieoh Jian Council.
  6905 | D:7      | Became a worshipper of the Ieoh Jian Council
  6991 | D:7      | Found a hide-covered altar of Uskayaw.
  7003 | D:7      | Reached skill level 1 in Axes
  7006 | D:7      | Reached XP level 10. HP: 62/65 MP: 10/10
  7694 | D:7      | Reached * piety under Ieoh Jian
  8043 | D:8      | Reached skill level 1 in Shields
  8336 | D:8      | Noticed a two-headed ogre
  8367 | D:8      | Killed a two-headed ogre
  8518 | D:8      | Found an ancient bone altar of Kikubaaqudgha.
  8699 | D:8      | Noticed a two-headed ogre
  8732 | D:8      | Killed a two-headed ogre
  8732 | D:8      | Reached skill level 5 in Shields
  8893 | D:8      | Noticed Blork the orc
  8915 | D:8      | Reached XP level 11. HP: 54/69 MP: 11/11
  8943 | D:8      | Killed Blork the orc
  8943 | D:8      | Reached ** piety under Ieoh Jian
  9929 | D:8      | Reached skill level 1 in Maces & Flails
  9934 | D:8      | Gained mutation: You have an increased reservoir of magic. (+10% MP) [mutagenic meat]
  9935 | D:8      | Gained mutation: Potions are less effective at restoring your health. [mutagenic meat]
  9936 | D:8      | Gained mutation: You are occasionally teleported next to monsters. [mutagenic meat]
  9937 | D:8      | Gained mutation: You passively map a small area around you. [mutagenic meat]
 11022 | D:10     | Entered Level 10 of the Dungeon
 11128 | D:10     | Reached *** piety under Ieoh Jian
 11205 | D:10     | Found a staircase to the Orcish Mines.
 11355 | D:10     | Gained mutation: You are clumsy. (Dex -2) [mutagenic meat]
 11356 | D:10     | Gained mutation: You have a pair of small antennae on your head. [mutagenic meat]
 11357 | D:10     | Gained mutation: Your system is resistant to poisons. (rPois) [mutagenic meat]
 11358 | D:10     | Lost mutation: You are occasionally teleported next to monsters. [mutagenic meat]
 11359 | D:10     | Gained mutation: You are dopey. (Int -2) [mutagenic meat]
 12184 | D:11     | Reached skill level 5 in Maces & Flails
 12320 | D:11     | Got a faintly glowing scimitar
 12321 | D:11     | Identified the +6 scimitar of Mandamus {drain, Str+4} (You found it on level 11 of the Dungeon)
 12345 | D:11     | Found a staircase to the Lair.
 12357 | D:11     | Reached **** piety under Ieoh Jian
 12361 | Lair:1   | Entered Level 1 of the Lair of Beasts
 12763 | Lair:1   | Noticed Gastronok
 12788 | Lair:1   | Mangled by Gastronok

Vault maps used:
D:1:      dpeg_arrival_simpleton_c
D:2:      tgw_trog, overflow_temple_1_default, minmay_distorted
D:3:      kennysheep_generic_room_10
D:4:      minmay_temple_entry_hall, first_bread, serial_shops,
          nicolae_shop_trees
D:5:      kennysheep_slug_shrine
D:6:      gup_sewer_entry_pipe, supply_closet_lemuel, kennysheep_generic_room_13
D:7:      lemuel_crystal_altar, gammafunk_temple_overflow_statue,
          gammafunk_temple_overflow_forgotten
D:8:      lemuel_coloured_pillars_altar, hangedman_little_slice_of_home,
          roderic_lattice_a, sword_in_stone
D:10:     erik_orc_1
D:11:     lair_entry_dummy
Temple:   hc_temple_tempest_star
Lair:1:   minmay_guarded_unrand_snakebite, uniq_gastronok
Sewer:    sewer_sea

Skill      XL: |  1  2  3  4  5  6  7  8  9 10 11 |
---------------+----------------------------------+-----
Short Blades   | 3 |  3.3
Dodging        | 2 3 4 6 10 11 | 11.3
Fighting       | 4 8 |  8.9
Throwing       | 4 |  4.1
Axes           | 1 4 |  4.3
Shields        | 5 7 |  7.6
Maces & Flails | 6 |  6.2
Stealth        | |  5.3

Action                   |  1- 3 |  4- 6 |  7- 9 | 10-12 || total
-------------------------+-------+-------+-------+-------++-------
Melee: Dagger            |    55 |       |    53 |    87 ||   195
       Hand axe          |    28 |   111 |   377 |       ||   516
       War axe           |       |       |    11 |   285 ||   296
       Whip              |       |       |       |   131 ||   131
 Fire: Blowgun           |       |     8 |    17 |    26 ||    51
Invok: Serpent's Lash    |       |       |       |     1 ||     1
Evoke: Wand              |       |       |       |     2 ||     2
  Use: Scroll            |       |     7 |     5 |    15 ||    27
       Potion            |       |       |     1 |     8 ||     9
 Stab: Sleeping          |    10 |    10 |     8 |    10 ||    38
       Paralysed         |       |       |       |     3 ||     3
       Distracted        |       |       |       |     2 ||     2
  Eat: Chunk             |     2 |    12 |    13 |    30 ||    57
Armor: Robe              |    12 |    13 |    29 |    35 ||    89
       Leather armour    |       |     2 |    38 |       ||    40
Dodge: Dodged            |    55 |   102 |   542 |   442 ||  1141
Block: Shield            |       |    31 |       |    57 ||    88
